 Dungeon Crawl Stone Soup version 0.26-a0-466-g989023bd0d (webtiles) character file.

Game seed: 4146883921330615407

0 gruber the Conjurer (level 1, -1/11 HPs)
             Began as an Octopode Conjurer on Aug 7, 2020.
             Slain by an ooze (4 damage)
             ... on level 1 of the Dungeon.
             The game lasted 00:00:12 (243 turns).

gruber the Conjurer (Octopode Conjurer)              Turns: 243, Time: 00:00:13

Health: -1/11      AC:  1    Str:  6    XL:     1   Next: 10%
Magic:  1/3        EV: 13    Int: 20    God:
Gold:   12         SH:  0    Dex: 10    Spells: 3/4 levels left

rFire    . . .     SeeInvis .   (no weapon)
rCold    . . .     Faith    .   (no shield)
rNeg     . . .     Spirit   .   (helmet restricted)
rPois    .         Reflect  .   (no amulet)
rElec    .         Harm     .   (no ring)
rCorr    .                      (no ring)
MR       .....                  (no ring)
Stlth    +++.......             (no ring)
HPRegen  0.03/turn              (no ring)
MPRegen  0.08/turn              (no ring)
                                (no ring)
                                (no ring)

@: no status effects
A: almost no armour, stealthy swim, amphibious, 8 rings, constrict 8, camouflage
1, gelatinous body 1
a: no special abilities


You were on level 1 of the Dungeon.
You visited 1 branch of the dungeon, and saw 1 of its levels.

You collected 12 gold pieces.

You aren't carrying anything.


   Skills:
 - Level 2.0 Dodging
 + Level 2.6 Stealth
 + Level 2.0 Spellcasting
 + Level 4.0 Conjurations


You had 3 spell levels left.
You knew the following spells:

 Your Spells              Type           Power        Failure   Level
a - Magic Dart            Conj           ###.         3%          1

Your spell library contained the following spells:

 Spells                   Type           Power        Failure   Level
 Searing Ray              Conj           ###...       4%          2
 Dazzling Flash           Conj/Hex       ##....       21%         3
 Fulminant Prism          Conj/Hex       ##........   56%         4
 Iskenderun's Mystic Bla  Conj/Tloc      ##......     56%         4


Dungeon Overview and Level Annotations

Branches:
Dungeon (1/15)

Altars:


Innate Abilities, Weirdness & Mutations

You cannot wear most types of armour.
You are very stealthy in the water. (Stealth+)
You are amphibious.
You can wear up to eight rings at the same time.
You can use your tentacles to constrict eight enemies at once.
Your skin changes colour to match your surroundings (Stealth+).
Your rubbery body absorbs attacks. (AC +1, EV +1)


Message History

The magic dart hits the ooze.
The ooze is moderately wounded.
Sorry, you're not good enough to have a special ability.
Unknown command.
Casting: Magic Dart (safe; 3% risk of failure)
Confirm with . or Enter, or press ? or * to list all spells.
You can't see any susceptible monsters within range! (Use Z to cast anyway.) Unknown command.
Unknown command.
You barely miss the ooze. You squeeze the ooze, but do no damage.
The ooze is moderately wounded.
The ooze hits you.
You barely miss the ooze.
The ooze is moderately wounded.
The ooze hits you.
* * * LOW HITPOINT WARNING * * *
You tentacle-slap the ooze but do no damage.
The ooze is moderately wounded.
The ooze hits you.
You die...

################## ####
#.#..#...##.#....#....
#..##..##..#...#รท...#
###..#..#.#..#..# ..#..
#..####.##..#..##......
#.## ..#.#..#..@J..#
#..#.# ..#.#.#..##...#
##..# .#.#..#......# .
#<###.. #.##......##..
#.# . #...#..... ##.
...#..#..# ## ..#.
.#..$# .##.. ...#.. ?.


You could see an ooze.

Vanquished Creatures
  A bat (D:1)
1 creature vanquished.

Notes
Turn   | Place    | Note
-------+----------+-------------------------------------------
     0 | D:1      | gruber the Octopode Conjurer began the quest for the Orb.
     0 | D:1      | Reached XP level 1. HP: 11/11 MP: 3/3
   243 | D:1      | Slain by an ooze

Illustrated notes

Levels and vault maps discovered:
D:1:      erik_arrival_cave_to_civilisation [erik_arrival_cave_to_hall],
          layout_basic, minmay_pentomino_u2

Action                   || total
-------------------------++-------
Melee: Unarmed           ||    12
       Constrict         ||     2
       Tentacles         ||     1
 Cast: Magic Dart        ||     5
Armor: Skin              ||     2
Dodge: Dodged            ||    14

Table legend: (Time is in decaauts)
 A = Elapsed time spent in this place.
 B = Non-inter-level travel time spent in this place.
 C = Inter-level travel time spent in this place.
 D = Time resting spent in this place.
 E = Time spent auto-exploring this place.
 F = Levels seen in this place.
 G = Mean time per level.
                   A        B        C        D        E       F      G
               +--------+--------+--------+--------+--------+-----+--------+
         Total |    243 |    243 |      0 |      0 |    213 |   1 |  243.0 |
       Dungeon |    243 |    243 |      0 |      0 |    213 |   1 |  243.0 |
               +--------+--------+--------+--------+--------+-----+--------+

Top non-repeatable levels by time:
     D:1: 243 daAuts
